 Dungeon Crawl Stone Soup version 0.15-a0-1619-g29500c9 (webtiles) character file.

1074 Leibowitz the Ducker (level 7, -5/58 HPs)
             Began as a Demigod Gladiator on June 20, 2014.
             Slain by an orc warrior
             ... wielding a +0 hand axe
              (15 damage)
             ... while paralysed by Grinder
             ... on Level 6 of the Dungeon.
             The game lasted 00:20:45 (5765 turns).

Leibowitz the Ducker (Demigod Gladiator)            Turns: 5765, Time: 00:20:45

HP  -5/58        AC  4     Str 19      XL: 7   Next: 80%
MP  13/13        EV  2     Int 19      God:
Gold 143         SH  0     Dex 19      Spells:  0 memorised,  6 levels left

rFire  . . .     SeeInvis .     a - +1 long sword
rCold  . . .     Clarity  .     s - +0 leather armour of Contentment {Str+1 Int+5}
rNeg   . . .     rCorr    .     (no shield)
rPois  .         rRot     .     c - +0 helmet
rElec  .         Spirit   .     (no cloak)
SustAb .         Warding  .     (no gloves)
rMut   .         Stasis   .     (no boots)
Gourm  .                        (no amulet)
MR     .....                    (no ring)
                                e - ring of stealth

@: paralysed, not resistant to hostile enchantments, fairly stealthy
A: no striking features
a: no special abilities


You were on level 6 of the Dungeon.
You were not hungry.

You visited 1 branch of the dungeon, and saw 6 of its levels.

You collected 143 gold pieces.

Inventory:

Hand weapons
 a - a +1 long sword (weapon)
 k - a +2 spear of piercing
 l - a +1 short sword of draining
Missiles
 d - 2 throwing nets (quivered)
 o - 26 poisoned needles
Armour
 b - a +0 leather armour
 c - a +0 helmet (worn)
 s - the +0 leather armour of Contentment (worn) {Str+1 Int+5}
   (You found it on level 4 of the Dungeon)

   It affects your strength (+1).
   It affects your intelligence (+5).
Magical devices
 y - a wand of fire (0)
Comestibles
 f - 4 bread rations
 i - 6 beef jerkies
 p - 4 fruits
 r - 2 meat rations
 C - a chunk of worker ant flesh
Scrolls
 j - 7 scrolls of remove curse
 m - a scroll of amnesia
 n - 2 scrolls of magic mapping
 w - a scroll of fear
 x - 2 scrolls of enchant weapon
Jewellery
 e - a ring of stealth (left hand)
 t - an uncursed ring of teleportation
Potions
 g - 2 potions of flight
 h - 3 potions of curing
 q - 3 potions of heal wounds
Books
 u - a book of Debilitation

   Spells                             Type                      Level
   Corona                             Hexes                        1
   Slow                               Hexes                        2
   Inner Flame                        Hexes/Fire                   3
   Enslavement                        Hexes                        4
   Cause Fear                         Hexes                        4
   Leda's Liquefaction                Hexes/Earth                  4


   Skills:
 + Level 3.8 Fighting
 + Level 4.8 Long Blades
 + Level 2.0 Throwing
 + Level 2.6 Armour
 + Level 5.4 Dodging
 + Level 3.4 Stealth
 + Level 1.0 Evocations


You had 6 spell levels left.
You didn't know any spells.

Dungeon Overview and Level Annotations

Branches:
Dungeon (6/15)
 Temple: D:4-7

Shops:
D:5 *

Annotations:
D:6 Grinder


Message History

Grinder gestures at you. Pain shoots through your body!
The orc warrior hits you but does no damage.
The orc wizard gestures wildly while chanting.
The orc wizard seems to speed up.
Grinder gestures at you.
You struggle to resist.
The orc warrior hits you with a hand axe!
The orc warrior hits you with a hand axe.
The orc wizard mumbles some strange words.
The orc wizard blinks!
Grinder gestures at you. Pain shoots through your body!
* * * LOW HITPOINT WARNING * * *
The orc warrior hits you with a hand axe.
* * * LOW HITPOINT WARNING * * *
Grinder gestures at you. You resist.
The orc warrior hits you with a hand axe!
You die...

#... #........##...#..........
### #........##...#..........
#......###...).......#.##
#......# #...........#.#
#.[....# #...........#.##
.#######......####...########...
..o..o..........................
O#######..#.######.........#.#.#
............oo@.5.........._..#
#.....#.#..#####.........#.#.#
#.....#.#...# #..............
#.....#.#.#.# ##.#...........
.....#...#.# #.............
.......##.. #.#..##.###### #
......#.####.#..##.#
............#..##.#
....##.###.......######


You could see Grinder, an orc warrior and an orc.

Vanquished Creatures
  A hungry ghost (D:5)
  A sky beast (D:5)
  3 eyes of draining (D:5)
  A crimson imp (D:5)
  2 orc priests
  4 hounds
  5 worker ants
  An iguana (D:4)
  3 orc wizards (D:6)
  Terence (D:3)
  A gnoll (D:5)
  5 adders
  2 big fish zombies (D:5)
  A shadow imp (D:5)
  2 giant mites
  3 worms
  4 giant geckos
  An ooze (D:2)
  26 orcs
  6 bats
  2 giant cockroaches
  11 hobgoblins
  7 jackals (D:3)
  13 kobolds
  3 quokkas
  A ball python (D:1)
  5 giant newts
  11 goblins
  A hobgoblin skeleton (D:4)
  2 orc skeletons (D:4)
  11 rats
140 creatures vanquished.

Notes
Turn   | Place    | Note
--------------------------------------------------------------
     0 | D:1      | Leibowitz, the Demigod Gladiator, began the quest for the Orb.
     0 | D:1      | Reached XP level 1. HP: 17/17 MP: 2/2
   258 | D:1      | Reached XP level 2. HP: 22/24 MP: 3/3
   285 | D:1      | Reached skill level 1 in Stealth
   585 | D:2      | Reached skill level 3 in Dodging
   660 | D:2      | Reached XP level 3. HP: 16/29 MP: 5/5
  1395 | D:3      | Reached skill level 1 in Armour
  1756 | D:3      | Reached XP level 4. HP: 6/36 MP: 7/7
  2389 | D:3      | Noticed Terence
  2401 | D:3      | Killed Terence
  2741 | D:4      | Found a white marble altar of Elyvilon.
  3089 | D:4      | Reached XP level 5. HP: 31/41 MP: 8/8
  3344 | D:4      | Paralysed by a potion of paralysis for 7 turns
  3473 | D:4      | Got a brightly glowing leather armour
  3481 | D:4      | Identified the +0 leather armour of Contentment {Str+1 Int+5} (You found it on level 4 of the Dungeon)
  3598 | D:4      | Reached skill level 4 in Dodging
  3899 | D:5      | Entered Level 5 of the Dungeon
  3899 | D:5      | Found a snail-covered altar of Cheibriados.
  3932 | D:5      | Reached XP level 6. HP: 49/49 MP: 10/10
  4360 | D:5      | Noticed a hungry ghost
  4367 | D:5      | Killed a hungry ghost
  4462 | D:5      | Found Fofomag's General Store.
  4537 | D:5      | Noticed a sky beast
  4542 | D:5      | Found a bloodstained altar of Trog.
  4552 | D:5      | Killed a sky beast
  4552 | D:5      | Reached XP level 7. HP: 46/57 MP: 12/12
  4634 | D:5      | Reached skill level 5 in Dodging
  5142 | D:5      | Found a basalt altar of Yredelemnul.
  5195 | D:6      | Noticed Grinder
  5269 | D:6      | Reached skill level 1 in Evocations
  5458 | D:6      | Found an iron altar of Okawaru.
  5759 | D:6      | Paralysed by Grinder for 7 turns
  5765 | D:6      | Slain by an orc warrior

Action                   |  1- 3 |  4- 6 |  7- 9 || total
-------------------------+-------+-------+-------++-------
Melee: Long sword        |   150 |   202 |   134 ||   486
Throw: Throwing net      |       |     3 |       ||     3
Evoke: Wand              |       |     5 |     1 ||     6
  Use: Scroll            |     4 |     2 |     3 ||     9
       Potion            |     1 |     6 |     2 ||     9
 Stab: Held in net/web   |       |     2 |       ||     2
       Sleeping          |       |     3 |       ||     3
       Distracted        |       |     1 |       ||     1
